 Dungeon Crawl Stone Soup version 0.28-b1-25-g9875b3fc8c (webtiles) character file.

Game seed: 14742804273769708062

102 Armakuni the Sneak (level 4, 0/26 HPs)
             Began as a Tengu Enchanter on Feb 5, 2022.
             Hit by a silver javelin thrown by a hobgoblin (3 damage)
             ... led by Robin
             ... on level 3 of the Dungeon.
             The game lasted 00:12:46 (3316 turns).

Armakuni the Sneak (Tengu Enchanter)                Turns: 3316, Time: 00:12:47

Health: 0/26       AC:  2    Str: 11    XL:     4   Next: 78%
Magic:  8/8        EV: 12    Int: 15    God:
Gold:   96         SH:  0    Dex: 14    Spells: 3/7 levels left

rFire   . . .      SeeInvis .   a - +1 quarterstaff
rCold   . . .      Faith    .   (shield currently unavailable)
rNeg    . . .      Spirit   .   d - +0 robe
rPois   .          Reflect  .   (helmet restricted)
rElec   .          Harm     .   (no cloak)
rCorr   .          Rampage  .   (no gloves)
Will    .....                   (boots unavailable)
Stlth   ++........              (no amulet)
HPRegen 0.08/turn               (no ring)
MPRegen 0.11/turn               (no ring)

@: no status effects
A: beak, talons 3
a: no special abilities


You were on level 3 of the Dungeon.
You visited 1 branch of the dungeon, and saw 4 of its levels.

You collected 96 gold pieces.

Inventory:

Hand Weapons
 a - a +1 quarterstaff (weapon)
 c - a +0 hunting sling
 h - a +1 hand axe of electrocution
Armour
 d - a +0 robe (worn)
 e - a +0 ring mail
Potions
 f - a potion of flight
 g - a potion of curing


   Skills:
 + Level 1.9 Fighting
 - Level 2.2 Short Blades
 + Level 3.0 Staves
 - Level 2.1 Dodging
 - Level 3.0 Stealth
 - Level 2.0 Spellcasting
 + Level 1.4 Conjurations
 - Level 2.1 Hexes


You had 3 spell levels left.
You knew the following spells:

 Your Spells              Type           Power      Damage    Failure   Level
h - Hailstorm             Conj/Ice       3%         3d3       86%         4

Your spell library contained the following spells:

 Spells                   Type           Power      Damage    Failure   Level
 Animate Skeleton         Necr           2%         N/A       22%         1
 Pain                     Necr           4%         1d4       22%         1
 Ensorcelled Hibernation  Hex/Ice        8%         N/A       22%         2
 Confusing Touch          Hex            8%         N/A       26%         3
 Tukima's Dance           Hex            8%         N/A       26%         3
 Dazzling Flash           Conj/Hex       12%        N/A       32%         3
 Vampiric Draining        Necr           1%         2d6       54%         3
 Ice Form                 Ice/Tmut       1%         N/A       91%         4
 Simulacrum               Ice/Necr       0%         N/A       100%        6


Dungeon Overview and Level Annotations

Branches:
Dungeon (4/15)
 Temple: D:4-7

Altars:
Uskayaw
Xom
Zin

Shops:
D:1 [

Annotations:
D:3 Grinder, Natasha, Robin


Innate Abilities, Weirdness & Mutations

You have a beak for a mouth.
You have claws for feet.


Message History

The goblin hits you but does no damage.
You hit the goblin.
You kill the goblin!
You closely miss the goblin. The goblin closely misses you.
The goblin misses you.
You barely miss the goblin. The goblin closely misses you.
You hit the goblin.
You kill the goblin!
Items here: ))) †††.
You start resting.
HP restored.
You open the door.
A goblin comes into view. It is wielding a +0 club.
The goblin shouts!
The hobgoblin shouts!
You hear a shout! x5
A hobgoblin comes into view. It is quivering silver javelins.
Robin shouts!
Robin says, "We wiped out the hill dwarves - you're next!"
Robin throws the goblin at you!
A goblin comes into view. It is wielding a +0 club.
The goblin misses you.
There is an open door here.
Robin throws the goblin at you! The goblin barely misses you.
You hit the goblin.
You kill the goblin!
Robin throws the goblin at you!
You thump the goblin!
You kill the goblin!
The goblin hits you but does no damage. Robin throws the goblin at you!
You hit the goblin.
You kill the goblin!
The goblin closely misses you. The hobgoblin barely misses you.
Robin roars a battlecry!
The goblins go into a battle-frenzy!
The goblin closely misses you.
The hobgoblin throws a silver javelin.
The silver javelin pierces through you! The hobgoblin barely misses you.
The goblin hits you with a +0 club.
Items here: ( )))) ††.
The hobgoblin throws a silver javelin.
The silver javelin pierces through you!
* * * LOW HITPOINT WARNING * * *
You die...

....................#.#
.#########.#........#.# .#
#.#.#####..#.#
.#########.#.....#..#.###########
.................................
.####.####.#..##.#..#.##.....####
.# #.# #.#..##.#.)#.##.........
.# #.# #.#..##.#..#.#..........
.# .g# #(#..##@#..#.#..........
'# g.####.#####)####.#..........
.. g.g.........g.g..#.#..........
. #g.g......###g##.#.+..........
#g........# #g##.# ........
.............#.######.......
............g#.....##.......
.............#..##.##.......
.................#.##.......


You could see Robin, 2 hobgoblins and 2 goblins.

Vanquished Creatures
  3 adders
  A worm (D:2)
  2 dart slugs
  2 orcs
  3 bats
  5 endoplasms
  A giant cockroach (D:1)
  10 goblins
  5 hobgoblins
  11 jackals
  6 ball pythons
  3 frilled lizards
  3 kobolds
  5 rats
60 creatures vanquished.

Vanquished Creatures (others)
  An adder (D:3)
  3 fungi (D:2)
4 creatures vanquished.

Grand Total: 64 creatures vanquished

Notes
Turn   | Place    | Note
-------+----------+-------------------------------------------
     0 | D:1      | Armakuni the Tengu Enchanter began the quest for the Orb.
     0 | D:1      | Reached XP level 1. HP: 10/10 MP: 4/4
   278 | D:1      | Reached skill level 1 in Fighting
   278 | D:1      | Reached XP level 2. HP: 16/16 MP: 6/6
   926 | D:1      | Found Ziggil's Armour Shop.
   961 | D:1      | Reached XP level 3. HP: 15/20 MP: 7/7
  1200 | D:1      | Reached skill level 1 in Staves
  1780 | D:2      | Found a faded altar of an unknown god.
  1803 | D:2      | Found a hide-covered altar of Uskayaw.
  1874 | D:2      | Reached XP level 4. HP: 23/26 MP: 8/8
  2200 | D:3      | Noticed Natasha
  2251 | D:3      | Noticed Grinder
  2307 | D:4      | Noticed an ogre
  2329 | D:4      | Learned a level 4 spell: Hailstorm
  2844 | D:3      | Reached skill level 1 in Conjurations
  2949 | D:3      | Noticed an angel
  2950 | D:3      | Found a glowing silver altar of Zin.
  2950 | D:3      | Found a shimmering altar of Xom.
  3205 | D:3      | Noticed Robin
  3316 | D:3      | Hit by a silver javelin thrown by a hobgoblin

Illustrated notes

Levels and vault maps discovered:
D:1:      lightli_molten_gateway, layout_rooms, serial_corexii_hall,
          corexii_hall_statues_x, corexii_hall_statues_s,
          corexii_hall_statues_l, corexii_hall_statues_l, serial_shops, shop
D:2:      layout_basic, shapermc_ecumenical_altar_acropolis, basic_altar
D:3:      layout_basic, grunt_temple_overflow_order_and_chaos_1, uniq_robin,
          uniq_natasha, uniq_grinder
D:4:      layout_basic, minmay_temple_entry_junction_2, serial_park_tiny_pond,
          minmay_cupped

Skill      XL: |  1  2  3  4 |
---------------+-------------+-----
Fighting       | 1 |  1.9
Short Blades   | 2 |  2.2
Staves         | 2 3 |  3.0
Conjurations   | 1 |  1.4
Dodging        | |  2.1
Stealth        | |  3.0
Spellcasting   | |  2.0
Hexes          | |  2.1

Action                   |  1- 3 |  4- 6 || total
-------------------------+-------+-------++-------
Melee: Dagger            |   113 |    31 ||   144
       Kick              |    21 |    12 ||    33
       Peck              |    18 |     5 ||    23
       Quarterstaff      |       |    16 ||    16
  Use: Potion            |     1 |       ||     1
       Scroll            |     4 |     3 ||     7
 Stab: Invisible         |     2 |       ||     2
       Sleeping          |     5 |     3 ||     8
       Distracted        |     1 |       ||     1
Armor: Robe              |    27 |     6 ||    33
Dodge: Dodged            |    77 |    27 ||   104
